 Dungeon Crawl Stone Soup version 0.22.1-1-ga44c0e5 (webtiles) character file.

1134 hisshadow the Firebug (level 7, -15/57 HPs)
             Began as a Demigod Fire Elementalist on Nov 8, 2018.
             Engulfed by a cloud of flame (33 damage)
             ... on level 5 of the Dungeon on Nov 9, 2018.
             The game lasted 00:54:29 (5985 turns).

hisshadow the Firebug (Demigod Fire Elementalist)   Turns: 5985, Time: 00:54:30

Health: -15/57     AC:  2    Str: 11    XL:     7   Next: 90%
Magic:  9/17       EV: 12    Int: 23    God:
Gold:   163        SH:  4    Dex: 16    Spells: 2/15 levels left

rFire    . . .     SeeInvis +   t - +7 rapier "Xijuvut" {vamp, +Fly rElec rN+ MR-}
rCold    . . .     Gourm    .   (no shield)
rNeg     + . .     Faith    .   a - +0 robe
rPois    .         Spirit   .   (no helmet)
rElec    +         Reflect  +   (no cloak)
rCorr    .         Harm     .   (no gloves)
MR       .....                  (no boots)
Stlth    ++........             o - +4 amulet of reflection (curse)
HPRegen  0.19/turn              m - ring of see invisible
MPRegen  0.15/turn              (no ring)

@: lethally poisoned (-15 -> -20)
A: high mp 1
a: Evoke Flight


You were on level 5 of the Dungeon.
You were not hungry.

You visited 1 branch of the dungeon, and saw 5 of its levels.

You collected 163 gold pieces.

Inventory:

Hand Weapons
 e - a +3 dagger of venom
 t - the +7 rapier "Xijuvut" (weapon) {vamp, +Fly rElec rN+ MR-}
   (You found it on level 4 of the Dungeon)

   It inflicts no extra harm, but heals its wielder when it wounds a living foe.
   It insulates you from electricity.
   It protects you from negative energy.
   It affects your resistance to hostile enchantments.
   It lets you fly.
Missiles
 b - 204 stones
 h - 15 tomahawks (quivered)
Armour
 a - a +0 robe (worn)
Jewellery
 m - a ring of see invisible (left hand)
 o - a cursed +4 amulet of reflection (around neck)
 v - a +4 ring of intelligence {unknown}
Scrolls
 d - 3 scrolls of remove curse {unknown}
 f - 3 scrolls of teleportation {unknown}
 q - a scroll of fear {unknown}
 s - 2 scrolls of blinking {unknown}
 w - a scroll of identify
Potions
 g - 3 potions of cancellation
 i - 3 potions of curing
 j - 3 potions of ambrosia
 k - a potion of heal wounds
 l - a potion of lignification
 n - a potion of degeneration {unknown}
 p - a potion of magic {unknown}
 r - a potion of mutation {unknown}
Comestibles
 c - 4 rations
 u - a chunk of flesh


   Skills:
 + Level 3.2 Fighting
 + Level 3.2 Short Blades
 - Level 1.7 Dodging
 - Level 2.0 Stealth
 * Level 4.6 Spellcasting
 + Level 3.4 Conjurations
 + Level 4.8 Fire Magic


You had 2 spell levels left.
You knew the following spells:

 Your Spells              Type           Power        Failure   Level  Hunger
a - Flame Tongue          Conj/Fire      ###..        1%          1    None
b - Throw Flame           Conj/Fire      ###...       2%          2    None
c - Conjure Flame         Conj/Fire      ###.....     5%          3    ##.....
d - Inner Flame           Hex/Fire       ###.....     11%         3    ##.....
e - Sticky Flame          Conj/Fire      ###.....     19%         4    ####...

Your spell library contained the following spells:

 Spells                   Type           Power        Failure   Level  Hunger
 Fireball                 Conj/Fire      ###.......   45%         5    #####..


Dungeon Overview and Level Annotations

Branches:
Dungeon (5/15)
 Temple: D:4-7


Innate Abilities, Weirdness & Mutations

You have an increased reservoir of magic. (+10% MP)


Message History

Casting: Flame Tongue (safe; 1% risk of failure)
Confirm with . or Enter, or press ? or * to list all spells.
Aiming: Flame Tongue (safe; 1% risk of failure)
Press: ? - help, Shift-Dir - straight line, f/p - worker ant
Aim: a worker ant (heavily wounded, inner flame)
The flame tongue hits the worker ant.
The worker ant is almost dead.
You feel sick. The worker ant bites you.
Casting: Flame Tongue (safe; 1% risk of failure)
Confirm with . or Enter, or press ? or * to list all spells.
Aiming: Flame Tongue (safe; 1% risk of failure)
Press: ? - help, Shift-Dir - straight line, f/p - worker ant
Aim: a worker ant (almost dead, inner flame)
The flame tongue misses the worker ant.
You feel sick. The worker ant misses you.
You puncture the worker ant!
You feel better.
The worker ant explodes!
The fiery explosion engulfs you!
You are engulfed in blazing flames.
Ouch! That really hurt!
You die...

.#. ##.# ..
.#%# #.#.#.#
#.....# #..%#
#.#%# #§§§#
###§## ##.#@#
#....########
#............
#....########
8.. ##.#.#
##> #...# ##
##.## #+# #.
#.# #.#
#.#### #.#


There were no monsters in sight!

Vanquished Creatures
  Pikel (D:4)
  A slave (D:4)
  An ogre (D:4)
  Blork the orc (D:4)
  4 orc wizards
  An orc priest (D:4)
  An iguana (D:5)
  2 worker ants
  A killer bee zombie (D:5)
  7 gnolls
  7 adders
  2 oozes (D:1)
  An adder zombie (D:5)
  3 worms
  4 dart slugs
  5 leopard geckos
  14 orcs
  3 ball pythons
  5 bats
  5 giant cockroaches
  8 goblins
  7 hobgoblins
  4 jackals (D:4)
  2 quokkas (D:3)
  4 frilled lizards
  11 kobolds
  11 rats
116 creatures vanquished.

Notes
Turn   | Place    | Note
-------+----------+-------------------------------------------
     0 | D:1      | hisshadow the Demigod Fire Elementalist began the quest for
                  | the Orb.
     0 | D:1      | Reached XP level 1. HP: 14/14 MP: 5/5
   545 | D:1      | Reached skill level 1 in Conjurations
   567 | D:1      | Reached XP level 2. HP: 19/20 MP: 7/7
   571 | D:1      | Learned a level 2 spell: Throw Flame
   799 | D:1      | Reached XP level 3. HP: 27/27 MP: 8/8
   804 | D:1      | Learned a level 3 spell: Conjure Flame
  1958 | D:2      | Reached skill level 1 in Short Blades
  1972 | D:2      | Found a glowing golden altar of the Shining One.
  2007 | D:2      | Reached skill level 1 in Fighting
  2008 | D:2      | Reached XP level 4. HP: 29/35 MP: 2/10
  2586 | D:2      | Found an opulent altar of Gozag.
  2587 | D:2      | Found a glowing silver altar of Zin.
  2902 | D:3      | Reached XP level 5. HP: 22/40 MP: 0/11
  3490 | D:3      | Found a radiant altar of Vehumet.
  3520 | D:3      | Learned a level 3 spell: Inner Flame
  4409 | D:4      | Got a bone rapier
  4410 | D:4      | Identified the +7 rapier "Xijuvut" {vamp, +Fly rElec rN+
                  | MR-} (You found it on level 4 of the Dungeon)
  4449 | D:4      | Noticed a slave
  4461 | D:4      | Killed a slave
  4501 | D:4      | Noticed Pikel
  4501 | D:4      | Noticed a slave
  4527 | D:4      | Noticed a slave
  4528 | D:4      | Noticed a slave
  4561 | D:4      | Killed Pikel
  4561 | D:4      | Reached XP level 6. HP: 50/50 MP: 4/15
  4561 | D:4      | Reached XP level 7. HP: 56/56 MP: 4/16
  4567 | D:4      | Learned a level 4 spell: Sticky Flame
  4612 | D:4      | Found a shattered altar of Ashenzari.
  4970 | D:4      | Noticed Blork the orc
  4978 | D:4      | Killed Blork the orc
  5580 | D:5      | Entered Level 5 of the Dungeon
  5985 | D:5      | Engulfed by a cloud of flame

Skill      XL: |  1  2  3  4  5  6  7 |
---------------+----------------------+-----
Stealth        | 2 |  2.0
Conjurations   | 1 3 |  3.4
Spellcasting   | 2 4 |  4.6
Fire Magic     | 3 4 |  4.8
Short Blades   | 1 2 3 |  3.2
Fighting       | 1 2 3 |  3.2
Dodging        | |  1.7

Action                   |  1- 3 |  4- 6 |  7- 9 || total
-------------------------+-------+-------+-------++-------
Melee: Dagger            |    31 |    17 |       ||    48
       Unarmed           |     4 |       |       ||     4
       Rapier            |       |    31 |     7 ||    38
Throw: Stone             |    13 |    13 |       ||    26
 Cast: Flame Tongue      |    57 |    98 |    59 ||   214
       Throw Flame       |     4 |    15 |    14 ||    33
       Conjure Flame     |     1 |     2 |     3 ||     6
       Inner Flame       |       |     2 |     4 ||     6
       Sticky Flame      |       |       |     1 ||     1
  Use: Scroll            |     6 |     2 |     1 ||     9
       Potion            |       |     1 |       ||     1
 Stab: Sleeping          |     9 |     3 |     1 ||    13
  Eat: Chunk             |     4 |     8 |     4 ||    16
       Ration            |       |     2 |       ||     2
Armor: Robe              |     3 |     4 |     1 ||     8
       Skin              |       |    49 |       ||    49
Dodge: Dodged            |    28 |    47 |    10 ||    85
Block: Other             |       |    12 |     3 ||    15
